 Dungeon Crawl Stone Soup version 0.30-a0-782-ge64f9170bb (webtiles) character file.

Game seed: 4349086718424555526

774 funkygono the Firebug (level 7, -10/38 HPs)
             Began as a Gargoyle Fire Elementalist on Mar 9, 2023.
             Mangled by an iguana (11 damage)
             ... on level 5 of the Dungeon.
             The game lasted 00:05:23 (4679 turns).

funkygono the Firebug (Gargoyle Fire Elementalist)  Turns: 4679, Time: 00:05:23

Health: -10/38     AC:  6    Str: 11    XL:     7   Next: 84%
Magic:  1/15       EV: 12    Int: 18    God:
Gold:   263        SH:  0    Dex: 10    Spells: 7/17 levels left

rFire   . . .      SeeInvis .    g - +0 whip
rCold   . . .      Faith    .    (no shield)
rNeg    + . .      Spirit   .    a - +0 robe
rPois   ∞          Reflect  .    (no helmet)
rElec   +          Harm     .    (no cloak)
rCorr   .          Rampage  .    (no gloves)
Will    .....                    (no boots)
Stlth   ++                       (no amulet)
HPRegen 0.26/turn                (no ring)
MPRegen 0.14/turn                (no ring)

@: no status effects
A: sickness immunity, AC +4, negative energy resistance 1, electricity
resistance, torment resistance 1, petrification resistance
a: no special abilities


You were on level 5 of the Dungeon.
You visited 1 branch of the dungeon, and saw 5 of its levels.

You collected 263 gold pieces.

Inventory:

Hand Weapons
 b - a +3 dire flail of draining
 g - a +0 whip (weapon)
Armour
 a - a +0 robe (worn)
Wands
 j - a wand of flame (39)
 l - a wand of polymorph (11)
Scrolls
 d - 3 scrolls of teleportation {unknown}
 h - a scroll of enchant armour {unknown}
 i - a scroll of blinking {unknown}
 k - 3 scrolls of identify {unknown}
 m - a scroll of torment {unknown}
Potions
 c - 3 potions of heal wounds
 e - a potion of lignification {unknown}
 f - 2 potions of brilliance {unknown}
 n - a potion of attraction {unknown}


   Skills:
 + Level 1.0 Fighting
 + Level 2.1 Dodging
 - Level 2.1 Stealth
 + Level 5.5 Spellcasting
 + Level 2.9 Conjurations
 + Level 6.0 Fire Magic


You had 7 spell levels left.
You knew the following spells:

 Your Spells              Type           Power      Damage    Failure   Level
a - Foxfire               Conj/Fire      84%        2x1d8     1%          1
b - Scorch                Fire           52%        2d7       1%          2
c - Kindle Blastsparks    Fire/Tloc/Air  24%        2d12      17%         3
d - Flame Wave            Conj/Fire      21%        2d8       21%         4

Your spell library contained the following spells:

 Spells                   Type           Power      Damage    Failure   Level
 Inner Flame              Hex/Fire       15%        N/A       11%         3


Dungeon Overview and Level Annotations

Branches:
Dungeon (5/15)
 Temple: D:4-7

Altars:
Qazlal
Ru
Vehumet
Xom
Zin

Annotations:
D:3 3 runed translucent doors, caveywoolpert's ghost, amateur GrEE


Innate Abilities, Weirdness & Mutations

You are immune to sickness and miasma.
Your stone body is resilient. (AC +4)
You are immune to poison.
You resist negative energy. (rN+)
You are resistant to electric shocks. (rElec)
You are resistant to unholy torment.
You are immune to petrification.


Message History

The adder closely misses you. The iguana bites you!
* * * LOW HITPOINT WARNING * * *
It was a potion of heal wounds.
You feel much better. The adder bites you. The iguana barely misses you.
The adder bites you.
Casting: Scorch (safe; 1% risk of failure)
Confirm with . or Enter, or press ? or * to list all spells.
You conjure some foxfire!
The iguana bites you. The adder bites you but does no damage.
You hit the iguana but do no damage.
The iguana is heavily wounded.
The foxfire hits the iguana.
The iguana is heavily wounded.
The foxfire hits the iguana but does no damage.
The iguana is heavily wounded.
The adder barely misses you. The iguana bites you.
You completely miss the iguana.
The iguana is heavily wounded.
The adder closely misses you. The iguana bites you!
* * * LOW HITPOINT WARNING * * *
The adder bites you.
* * * LOW HITPOINT WARNING * * *
You hit the iguana but do no damage.
The iguana is heavily wounded.
The adder bites you but does no damage. The iguana barely misses you.
You closely miss the iguana.
The iguana is heavily wounded.
The adder bites you.
* * * LOW HITPOINT WARNING * * *
The iguana closely misses you. The adder barely misses you.
You closely miss the iguana.
The iguana is heavily wounded.
The iguana bites you but does no damage.
The adder bites you.
* * * LOW HITPOINT WARNING * * *
You hit the iguana but do no damage.
The iguana is heavily wounded.
The adder bites you.
* * * LOW HITPOINT WARNING * * *
The iguana closely misses you. The adder misses you. The iguana bites you!
You die...

#. .. #. .
#. . #.#.
##..######
#...##...##
#.8lS..8.<#
#..@##...##
###.######
##+


You could see an iguana and an adder.

Vanquished Creatures
  Eustachio (D:4)
  Edmund (D:4)
  A water moccasin (D:4)
  An ice beast (D:5)
  An ogre (D:4)
  A scorpion (D:4)
  A howler monkey (D:4)
  A gnoll (D:1)
  7 adders
  A worm (D:4)
  2 dart slugs
  2 orcs (D:4)
  3 endoplasms
  3 giant cockroaches
  6 goblins
  6 hobgoblins
  6 jackals (D:3)
  5 quokkas
  6 ball pythons
  4 bats
  4 frilled lizards
  A kobold (D:2)
  3 rats (D:2)
67 creatures vanquished.

Vanquished Creatures (others)
  177 foxfires
177 creatures vanquished.

Grand Total: 244 creatures vanquished

Notes
Turn   | Place    | Note
-------+----------+-------------------------------------------
     0 | D:1      | funkygono the Gargoyle Fire Elementalist began the quest
                  | for the Orb.
     0 | D:1      | Reached XP level 1. HP: 10/10 MP: 3/3
   450 | D:1      | Reached XP level 2. HP: 15/15 MP: 1/5
   453 | D:1      | Learned a level 2 spell: Scorch
   830 | D:1      | Found a faded altar of an unknown god.
  1343 | D:2      | Reached XP level 3. HP: 19/19 MP: 2/6
  1347 | D:2      | Learned a level 3 spell: Kindle Blastsparks
  1840 | D:2      | Found a shimmering altar of Xom.
  1962 | D:2      | Reached skill level 4 in Fire Magic
  1962 | D:2      | Reached XP level 4. HP: 24/24 MP: 4/8
  2416 | D:3      | Found a runed translucent gate.
  2416 | D:3      | Found a runed translucent gate.
  2416 | D:3      | Found a runed translucent gate.
  2417 | D:3      | Noticed caveywoolpert's ghost (amateur GrEE)
  2893 | D:3      | Found a glowing silver altar of Zin.
  3032 | D:3      | Reached XP level 5. HP: 28/28 MP: 3/10
  3042 | D:3      | Learned a level 4 spell: Flame Wave
  3280 | D:3      | Found a sacrificial altar of Ru.
  3281 | D:3      | Found a radiant altar of Vehumet.
  3285 | D:3      | Found a stormy altar of Qazlal.
  3435 | D:4      | Noticed Edmund
  3446 | D:4      | Killed Edmund
  3447 | D:4      | Reached XP level 6. HP: 11/32 MP: 8/12
  3670 | D:4      | Noticed a water moccasin
  3679 | D:4      | Killed a water moccasin
  3680 | D:4      | Reached skill level 5 in Fire Magic
  3960 | D:4      | Reached XP level 7. HP: 37/37 MP: 8/14
  4399 | D:4      | Noticed Eustachio
  4406 | D:4      | Killed Eustachio
  4407 | D:4      | Reached skill level 1 in Fighting
  4407 | D:4      | Reached skill level 5 in Spellcasting
  4651 | D:5      | Entered Level 5 of the Dungeon
  4666 | D:5      | Reached skill level 6 in Fire Magic
  4679 | D:5      | HP: 1/38 [adder (1)]
  4679 | D:5      | Mangled by an iguana

Illustrated notes

Levels and vault maps discovered:
D:1:      roderic_crop_circles_arrival_small, layout_loops_corners,
          hellmonk_ecumenical_altar_inner_sanctum
D:2:      layout_basic, basic_altar
D:3:      layout_loops_ring, minitemple, lemuel_doored_altar,
          gammafunk_ghost_necromancy
D:4:      layout_basic, uniq_edmund, uniq_eustachio
D:5:      layout_loops_ring, general_overflow_altar,
          minmay_temple_entry_overgrown, portal_sewer_entry_c,
          nicolae_ossuary_entry_monument, grunt_ministairs_4, uniq_menkaure

Skill      XL: |  1  2  3  4  5  6  7 |
---------------+----------------------+-----
Dodging        | 2 |  2.1
Fire Magic     | 4 5 6 |  6.0
Spellcasting   | 3 4 5 |  5.5
Conjurations   | 2 |  2.9
Fighting       | 1 |  1.0
Stealth        | |  2.1

Action                     |  1- 3 |  4- 6 |  7- 9 || total
---------------------------+-------+-------+-------++-------
  Melee: Whip              |     3 |       |    10 ||    13
         Punch             |       |       |     1 ||     1
   Cast: Foxfire           |    42 |    39 |    20 ||   101
         Scorch            |     8 |    22 |    15 ||    45
    Use: Potion            |       |     1 |     1 ||     2
 Armour: Robe              |     3 |     2 |     9 ||    14
  Dodge: Dodged            |     7 |     9 |    22 ||    38

Table legend: (Time is in decaauts)
 A = Elapsed time spent in this place.
 B = Non-inter-level travel time spent in this place.
 C = Inter-level travel time spent in this place.
 D = Time resting spent in this place.
 E = Time spent auto-exploring this place.
 F = Levels seen in this place.
 G = Mean time per level.
                   A        B        C        D        E       F      G
               +--------+--------+--------+--------+--------+-----+--------+
         Total |   4678 |   4540 |    138 |     83 |   3993 |   5 |  935.6 |
       Dungeon |   4678 |   4540 |    138 |     83 |   3993 |   5 |  935.6 |
               +--------+--------+--------+--------+--------+-----+--------+

Top non-repeatable levels by time:
     D:1: 1261 daAuts
     D:4: 1260 daAuts
     D:2: 1115 daAuts
     D:3: 1011 daAuts
     D:5: 28 daAuts
